 Dungeon Crawl Stone Soup version 0.21.1-1-g345015f (webtiles) character file.

226477 Monsterracer the Severer (level 20, -1/147 HPs)
             Began as a Human Ice Elementalist on Feb 17, 2018.
             Was the Champion of Cheibriados.
             Slain by a merfolk javelineer
             ... wielding a +0 spear
              (11 damage)
             ... on level 4 of the Shoals.
             The game lasted 01:58:01 (36022 turns).

Monsterracer the Severer (Human Ice Elementalist)  Turns: 36022, Time: 01:58:01

Health: -1/147     AC: 15    Str: 25    XL:     20   Next: 13%
Magic:  33/34      EV: 20    Int: 43    God:    Cheibriados [******]
Gold:   1438       SH: 22    Dex: 31    Spells: 4/39 levels left

rFire    + . .     SeeInvis .   a - +6 broad axe (vamp)
rCold    . . .     Gourm    .   K - +3 shield "Zymneule" {Str+4}
rNeg     . . .     Faith    .   z - +2 robe {MR+}
rPois    .         Spirit   .   s - +4 helmet "Huvergh" {rElec Regen+}
rElec    +         Reflect  +   n - +2 cloak
rCorr    .         Harm     .   D - +2 pair of gloves
MR       ++...                  (no boots)
Stlth    ++++......             k - amulet of False Pretenses {Reflect rF+ Str-2 SH+6 Stlth+}
HPRegen  0.74/turn              d - +5 ring of intelligence
MPRegen  0.24/turn              l - +3 ring of slaying

@: heavily drained, very slow
A: no striking features
}: 1/15 runes: serpentine
a: Bend Time, Temporal Distortion, Slouch, Step From Time, Renounce Religion


You were on level 4 of the Shoals.
You worshipped Cheibriados.
Cheibriados was exalted by your worship.
You were not hungry.

You visited 5 branches of the dungeon, and saw 31 of its levels.
You also visited: Bailey.

You collected 3932 gold pieces.
You spent 2494 gold pieces at shops.

Inventory:

Hand Weapons
 a - a +6 vampiric broad axe (weapon)
Missiles
 A - 9 throwing nets (quivered)
Armour
 n - a +2 cloak (worn)
 q - the +0 mask of the Dragon {MR+ Slay+3 SInv}
   (You found it on level 1 of the Shoals)

   It affects your accuracy and damage with ranged weapons and melee attacks
   (+3).
   It affects your resistance to hostile enchantments.
   It lets you see invisible.
 s - the +4 helmet "Huvergh" (worn) {rElec Regen+}
   (You found it on level 6 of the Dungeon)

   It insulates you from electricity.
   It increases your rate of regeneration.
 z - a +2 robe of magic resistance (worn)
 D - a +2 pair of gloves (worn)
 K - the +3 shield "Zymneule" (worn) {Str+4}
   (You found it on level 4 of the Lair of Beasts)

   It affects your strength (+4).
 Z - the +3 chain mail "Raoliliq" {MR+}
   (You found it on level 2 of the Snake Pit)

   It affects your resistance to hostile enchantments.
Magical Staves
 b - an uncursed staff of wizardry {!a}
Jewellery
 d - a +5 ring of intelligence (left hand)
 k - the amulet of False Pretenses (around neck) {Reflect rF+ Str-2 SH+6 Stlth+}
   (You bought it in a shop on level 4 of the Dungeon)

   [amulet of reflection]

   It shields you and reflects attacks.
   It affects your strength (-2).
   It protects you from fire.
   It affects your SH (+6).
   It makes you more stealthy.
 l - a +3 ring of slaying (right hand)
 I - the ring "Xoerol" {rF+ Int+2 Stlth+}
   (You found it in a bailey)

   [ring of protection from fire]

   It affects your intelligence (+2).
   It protects you from fire.
   It makes you more stealthy.
 L - the ring of Hyethoet {*Slow rC+++ MR+ Str+4 Stlth+}
   (You bought it in a shop on level 11 of the Dungeon)

   [ring of stealth]

   It affects your strength (+4).
   It renders you almost immune to cold.
   It affects your resistance to hostile enchantments.
   It may slow you when you take damage.
   It makes you more stealthy.
 S - an uncursed ring of poison resistance {!d}
Wands
 p - a wand of paralysis (56)
 r - a wand of clouds (8)
 v - a wand of iceblast (21)
 y - a wand of digging (34)
 E - a wand of acid (9)
 G - a wand of scattershot (13)
 M - a wand of enslavement (31)
Scrolls
 e - 14 scrolls of remove curse
 i - 9 scrolls of teleportation
 H - 6 scrolls of magic mapping {!r}
 J - 4 scrolls of identify
 P - 3 scrolls of blinking
 R - a scroll of brand weapon
 U - a scroll of enchant armour
 W - 2 scrolls of silence
 X - 2 scrolls of amnesia
Potions
 f - a potion of invisibility
 g - a potion of resistance
 h - 5 potions of flight
 j - a potion of ambrosia {!q}
 m - 9 potions of mutation {!q}
 o - a potion of heal wounds
 t - 3 potions of lignification
 C - 4 potions of curing
 F - 3 potions of brilliance
 N - a potion of magic
 O - 2 potions of agility
 T - a potion of cancellation
Books
 Q - a book of Enchantments

   Spells                             Type                      Level
   a - Cause Fear                     Hexes                        4
   b - Yara's Violent Unravelling     Hexes/Transmutation          5
   c - Silence                        Hexes/Air                    5
   d - Deflect Missiles               Charms/Air                   6
   e - Discord                        Hexes                        8
Miscellaneous
 u - a sack of spiders
 x - a fan of gales
Comestibles
 c - 57 rations
 w - 4 chunks of flesh


   Skills:
 * Level 10.0(8.5) Fighting
 - Level 17.3(16.2) Axes
   Level 9.5(12.8) Maces & Flails
 + Level 3.4(2.1) Armour
 - Level 10.0(8.5) Dodging
 - Level 5.0(3.7) Stealth
 + Level 9.2(7.8) Shields
 + Level 10.0(8.5) Spellcasting
 - Level 10.0(8.5) Conjurations
 + Level 6.4(5.0) Charms
 - Level 3.0(1.7) Summonings
 + Level 1.2(0.0) Necromancy
 - Level 3.0(1.7) Translocations
 - Level 5.0(3.6) Fire Magic
 - Level 10.0(8.5) Ice Magic
 - Level 5.0(3.6) Air Magic
 + Level 10.8(9.2) Invocations
 - Level 4.4(3.1) Evocations


You had 4 spell levels left.
You knew the following spells:

 Your Spells              Type           Power        Failure   Level  Hunger
a - Sticky Flame          Conj/Fire      ######..     3%          4    None
b - Borgnjor's Vile Clut  Necr/Erth      ###.......   75%         5    ##.....
c - Ozocubu's Armour      Chrm/Ice       ######..     1%          3    None
d - Fireball              Conj/Fire      ######....   10%         5    ##.....
f - Summon Ice Beast      Ice/Summ       ######..     4%          4    None
g - Throw Icicle          Conj/Ice       #######.     1%          4    None
j - Regeneration          Chrm/Necr      #####.....   4%          3    None
y - Deflect Missiles      Chrm/Air       ######....   71%         6    ####...
z - Apportation           Tloc           ####..       1%          1    None


Dungeon Overview and Level Annotations

Branches:
Dungeon (15/15)            Temple (0/1) D:7            Lair (6/6) D:9
 Shoals (4/4) Lair:2        Snake (4/4) Lair:3        Slime (0/5) Lair:6
    Orc (2/2) D:11            Elf (0/3) Orc:2        Vaults (0/5) D:14
 Depths (0/5) D:15

Altars:
Ashenzari
Cheibriados
Dithmenos
Elyvilon
Gozag
Makhleb
Ru
Trog
Uskayaw
Vehumet
Xom
The Shining One
Beogh

Shops:
D:4 =   D:11 =%   D:14 %   D:15 *   Orc:2 }?*(   Snake:2 (?:   Snake:3 =}}

Annotations:
Shoals:3 letownia2's ghost, journeyman MfGl


Message History

HP restored.
Health restored: 147 You hear the loud crackling of a very distant melting archway.
You climb downwards. 2 merfolk impalers come into view.
A merfolk impaler is wielding a trident of freezing.
A merfolk impaler is wielding a trident of piercing.
You block the merfolk impaler's attack. The merfolk impaler barely misses you.
The merfolk javelineer misses you.
A harpy, a merfolk and a merfolk aquamancer come into view.
The merfolk aquamancer is wielding a rapier of electrocution.
There is a stone staircase leading up, spattered with blood here.
You see here 3 javelins.
Casting: Ozocubu's Armour
Confirm with . or Enter, or press ? or * to list all spells.
A film of ice covers your body! You block the merfolk impaler's attack.
The merfolk throws a throwing net.
The throwing net hits you.
You become entangled in the net!
The merfolk javelineer hits you but does no damage.
The merfolk impaler hits you from afar with a trident of freezing.
The merfolk impaler freezes you.
The merfolk impaler hits you but does no damage.
You take 3 damage, and have 144/147 hp.
You now have 31/34 mp.
You struggle against the net.
The merfolk aquamancer casts a spell.
The merfolk aquamancer blinks!
The merfolk impaler hits you from afar with a trident of freezing!
The merfolk impaler freezes you.
The merfolk impaler hits you with a trident of piercing!
The merfolk javelineer hits you but does no damage.
You take 29 damage, and have 115/147 hp.
You struggle against the net.
The merfolk impaler hits you but does no damage.
The merfolk impaler hits you with a trident of piercing!
The merfolk aquamancer hits you with a rapier of electrocution!
The harpy claws you. The harpy closely misses you.
The merfolk javelineer hits you from afar with a spear!
The merfolk impaler barely misses you.
The merfolk impaler hits you but does no damage.
You take 27 damage, and have 88/147 hp.
You can't do that while held in a net.
You struggle against the net.
The harpy claws you! The harpy claws you.
The merfolk aquamancer hits you but does no damage.
The merfolk impaler hits you from afar with a trident of freezing.
* * * LOW HITPOINT WARNING * * *
The merfolk impaler freezes you.
* * * LOW HITPOINT WARNING * * *
The merfolk impaler hits you with a trident of piercing!
* * * LOW HITPOINT WARNING * * *
* * * LOW HITPOINT WARNING * * *
The merfolk javelineer closely misses you.
You take 27 damage, and have 61/147 hp.
Unknown command.
Unknown command.
You rip the net and break free!
You block the merfolk impaler's attack. x2
The merfolk aquamancer misses you.
The merfolk impaler hits you but does no damage.
You block the merfolk javelineer's attack.
You block the merfolk impaler's attack. You block the harpy's attack.
The harpy claws you!
* * * LOW HITPOINT WARNING * * *
You block the merfolk's attack. You block the merfolk impaler's attack.
The merfolk aquamancer points at you and mumbles some strange words.
The torrent of water hits you!
* * * LOW HITPOINT WARNING * * *
You stop ascending the stairs.
You are knocked back by the torrent of water.
Splash!
You fall into the shallow water.
Moving in this stuff is going to be slow.
The wave splashes down.
The merfolk impaler hits you with a trident of piercing.
* * * LOW HITPOINT WARNING * * *
* * * LOW HITPOINT WARNING * * *
The merfolk javelineer hits you but does no damage.
The merfolk impaler barely misses you.
You hear a screech! x3; You hear an angry hiss. x2; You hear a screech!
You hear a shout!
You hear a screech!
You hear an angry hiss.
You take 22 damage, and have 40/147 hp.
Unknown command.
Unknown command.
Unknown command.
You block the harpy's attack. x2; You block the merfolk's attack.
You block the merfolk impaler's attack.
The merfolk impaler completely misses you.
The merfolk aquamancer gestures at you while chanting.
The ball of steam hits you! You resist.
* * * LOW HITPOINT WARNING * * *
The merfolk javelineer hits you but does no damage.
The merfolk impaler closely misses you. The merfolk impaler barely misses you.
The merfolk barely misses you.
The merfolk aquamancer gestures at you while chanting.
The ball of steam hits you!
Your icy armour melts away.
You resist.
* * * LOW HITPOINT WARNING * * *
The merfolk impaler hits you with a trident of piercing!
* * * LOW HITPOINT WARNING * * *
* * * LOW HITPOINT WARNING * * *
The merfolk javelineer hits you from afar with a spear!
You die...

..≈≈≈≈≈≈≈≈≈≈
.(m≈≈≈≈≈≈≈≈≈
#.......≈P≈≈
##.(.......≈P
#≈≈........≈P
##.........PP
#..mm.......≈
###.≈m≈....P..
#...m@§§......
#.≈≈≈≈≈....<..
..m....≈≈≈≈m≈....P..
.......H≈≈≈≈........
.).....≈≈≈≈≈≈......≈
#.≈..?.≈≈≈≈≈.......≈
#####...≈≈≈........≈
###.........≈≈≈≈
#...$..≈≈≈≈≈≈


You could see 2 merfolk impalers, a merfolk javelineer, a merfolk aquamancer, 2
merfolk and a harpy.

Vanquished Creatures
  Bai Suzhen (Shoals:3)
  A titan (shapeshifter) (D:15)
  2 krakens
  Polyphemus (Shoals:2)
  12 nagarajas
  A frost giant (Shoals:3)
  Aizul (Shoals:2)
  A merfolk javelineer (Shoals:3)
  4 merfolk impalers
  A fire dragon (Lair:6)
  Snorg (D:13)
  Harold (D:10)
  6 hydras
  A rakshasa (D:15)
  14 naga warriors
  A merfolk avatar (Shoals:2)
  2 tengu warriors
  2 centaur warriors (D:14)
  11 anacondas
  11 two-headed ogres
  An ogre mage (Orc:2)
  2 catoblepae
  2 satyrs
  4 orc high priests (Orc:2)
  4 merfolk aquamancers
  4 death yaks (Shoals:2)
  A queen ant (shapeshifter) (D:15)
  4 shock serpents
  16 naga sharpshooters
  A salamander mystic (Snake:4)
  6 skeletal warriors (D:15)
  A death drake (shapeshifter) (D:14)
  2 unseen horrors
  23 sea snakes
  A glowing orange brain (D:15)
  6 naga ritualists
  A deep troll (shapeshifter) (D:14)
  A swamp dragon (Lair:6)
  13 orc knights
  16 mana vipers
  2 oklob plants (Lair:2)
  4 harpies (Shoals:3)
  2 deep elf magi
  A lindwurm (Lair:5)
  13 ugly things
  10 manticores
  10 fauns
  6 orc sorcerers (Orc:2)
  6 cyclopes
  7 salamanders
  9 merfolk sirens
  4 elephants
  8 guardian serpents
  3 water nymphs
  3 centaur zombies
  33 black mambas
  12 naga magi
  4 centaur skeletons
  A gargoyle (D:12)
  9 spiny frogs
  5 rime drakes
  8 komodo dragons
  A kobold demonologist (D:8)
  An efreet (D:15)
  A freezing wraith (D:14)
  A polar bear (shapeshifter) (D:14)
  3 red devils (D:12)
  A tengu conjurer (D:13)
  8 trolls
  2 wind drakes (Shoals:1)
  20 merfolk
  10 polar bears
  3 meliai (Lair:5)
  A hornet (shapeshifter) (D:14)
  9 hippogriffs
  A queen bee (Lair:5)
  12 slime creatures
  5 raiju (Lair:6)
  A hornet (D:15)
  10 blink frogs
  5 snapping turtles
  6 dream sheep
  A vampire (D:13)
  2 shadows
  23 yaks
  9 water elementals
  6 wyverns
  3 wraiths
  A tarantella (shapeshifter) (D:14)
  8 basilisks
  3 steam dragons (Lair:6)
  2 hungry ghosts
  9 wargs
  Edmund (D:4)
  49 nagas
  12 hell hounds (Lair:6)
  13 water moccasins
  An acid dragon (D:14)
  7 porcupines
  30 orc warriors
  4 ice beasts
  2 sky beasts
  3 swamp drakes (Lair:6)
  14 ogres
  3 eyes of draining (D:8)
  A hornet zombie (D:14)
  3 phantoms
  13 black bears
  15 centaurs
  42 wolves
  15 crocodiles
  15 big kobolds
  14 bullfrogs
  A gnoll sergeant (D:9)
  5 scorpions
  36 killer bees
  8 wights
  3 howler monkeys
  11 crimson imps
  2 bullfrog zombies
  A quasit (D:11)
  27 orc wizards
  6 hounds
  4 jellies
  21 orc priests
  3 bullfrog skeletons
  2 gnoll shamans
  12 iguanas
  8 worker ants
  Ijyb (D:4)
  A killer bee zombie (D:9)
  A hound skeleton (D:7)
  A howler monkey zombie (D:8)
  20 gnolls
  2 howler monkey skeletons
  16 adders
  2 shadow imps
  A white imp (D:7)
  5 oozes
  2 adder skeletons
  4 worms (D:2)
  3 dart slugs
  10 leopard geckos
  87 orcs
  3 giant cockroaches
  12 goblins
  7 hobgoblins
  11 jackals
  39 kobolds
  6 quokkas
  11 ball pythons
  7 bats
  3 frilled lizards (D:2)
  A goblin skeleton (D:7)
  3 goblin zombies (D:7)
  A hobgoblin zombie (D:7)
  A jackal skeleton (D:4)
  3 kobold skeletons (D:7)
  3 kobold zombies (D:7)
  An orc skeleton (D:7)
  3 orc zombies (D:7)
  4 rats
  2 fungi
  4 plants
  3 tentacles
1203 creatures vanquished.

Vanquished Creatures (collateral kills)
  Gastronok (Lair:2)
  A hydra (Lair:4)
  A gargoyle (D:15)
  Psyche (D:8)
  A komodo dragon (Lair:2)
  A red devil (D:12)
  A wraith (D:15)
7 creatures vanquished.

Vanquished Creatures (others)
  A nagaraja (Snake:4)
  2 naga warriors (Snake:4)
  3 naga sharpshooters
  A salamander mystic (Snake:4)
  A faun (Shoals:1)
  2 cyclopes
  A black mamba (Snake:3)
  2 guardian serpents
  A naga mage (Snake:4)
  A merfolk (Shoals:1)
  Eustachio (D:4)
  2 nagas
  2 centaurs
  An orc wizard (Orc:2)
  2 orcs
  7 kobolds (Bailey)
  A quokka (D:15)
  7 fungi
  24 plants
  13 tentacles
75 creatures vanquished.

Grand Total: 1285 creatures vanquished

Notes
Turn   | Place    | Note
-------+----------+-------------------------------------------
     0 | D:1      | Monsterracer the Human Ice Elementalist began the quest for the Orb.
     0 | D:1      | Reached XP level 1. HP: 13/13 MP: 3/3
   158 | D:1      | Reached XP level 2. HP: 19/19 MP: 1/5
   517 | D:1      | Reached XP level 3. HP: 24/24 MP: 6/6
   522 | D:1      | Learned a level 3 spell: Ozocubu's Armour
  1199 | D:2      | Reached XP level 4. HP: 27/30 MP: 5/7
  1398 | D:2      | Learned a level 4 spell: Throw Icicle
  1540 | D:2      | Found a snail-covered altar of Cheibriados.
  1576 | D:2      | Became a worshipper of Cheibriados the Contemplative
  1601 | D:2      | Reached XP level 5. HP: 21/35 MP: 4/9
  2220 | D:2      | You fall through a shaft for 2 floors!
  2225 | D:4      | HP: 11/35 [orc wizard/puff of frost (10)]
  2836 | D:3      | Found a burning altar of Makhleb.
  3050 | D:3      | HP: 17/35 [poisoned by a kobold]
  3055 | D:3      | Reached skill level 5 in Ice Magic
  3055 | D:3      | Reached skill level 1 in Invocations
  3056 | D:3      | HP: 13/35 [poisoned by a kobold]
  3062 | D:3      | HP: 10/35 [poisoned by a kobold]
  3068 | D:2      | HP: 9/35 [poisoned by a kobold]
  3076 | D:2      | HP: 8/35 [poisoned by a kobold]
  3757 | D:4      | Reached XP level 6. HP: 36/41 MP: 3/10
  3764 | D:4      | Reached * piety under Cheibriados
  3965 | D:4      | Noticed Eustachio
  3983 | D:4      | Noticed an ogre
  3985 | D:4      | Killed Eustachio
  3985 | D:4      | Reached XP level 7. HP: 33/46 MP: 2/12
  4127 | D:4      | Found Saexom's Jewellery Emporium.
  4167 | D:4      | Learned a level 4 spell: Summon Ice Beast
  4475 | D:4      | Noticed Edmund
  4479 | D:4      | Noticed Ijyb
  4497 | D:4      | Killed Edmund
  4497 | D:4      | Reached skill level 1 in Summonings
  4497 | D:4      | Reached XP level 8. HP: 38/52 MP: 3/14
  4502 | D:4      | Killed Ijyb
  4974 | D:4      | Reached ** piety under Cheibriados
  5038 | D:5      | Entered Level 5 of the Dungeon
  5283 | D:5      | Reached skill level 1 in Maces & Flails
  5448 | D:5      | HP: 18/53 [gnoll/spear (9)]
  5449 | D:5      | HP: 7/53 [gnoll/whip (6)]
  5456 | D:5      | HP: 10/79 [gnoll/spear (2)]
  5940 | D:5      | Reached skill level 1 in Fighting
  6494 | D:6      | Reached *** piety under Cheibriados
  6678 | D:6      | Got a brightly glowing helmet
  6684 | D:6      | Identified the +4 helmet "Huvergh" {rElec Regen+} (You found it on level 6 of the Dungeon)
  6892 | D:6      | Found a shadowy altar of Dithmenos.
  6932 | D:7      | HP: 25/54 [orc warrior/war axe (8)]
  6935 | D:7      | Reached XP level 9. HP: 29/61 MP: 3/15
  7378 | D:7      | Reached **** piety under Cheibriados
  7518 | D:7      | Found a glowing golden altar of the Shining One.
  7587 | D:7      | Found a hide-covered altar of Uskayaw.
  7595 | D:7      | Noticed a dagger
  7595 | D:7      | Noticed a hand axe
  7618 | D:7      | Reached ***** piety under Cheibriados
  7919 | D:7      | Found a staircase to the Ecumenical Temple.
  8117 | D:8      | Reached skill level 5 in Spellcasting
  8169 | D:8      | Found a shattered altar of Ashenzari.
  8200 | D:8      | Noticed a two-headed ogre
  8205 | D:8      | HP: 25/62 [two-headed ogre/giant club (17)]
  8206 | D:8      | Killed a two-headed ogre
  8206 | D:8      | Reached skill level 5 in Maces & Flails
  8206 | D:8      | Reached XP level 10. HP: 28/70 MP: 0/17
  8540 | D:8      | Reached skill level 5 in Conjurations
  8772 | D:8      | Found a bloodstained altar of Trog.
  9023 | D:8      | Found an opulent altar of Gozag.
  9024 | D:8      | Noticed a two-headed ogre
  9030 | D:8      | Killed a two-headed ogre
  9149 | D:8      | Noticed Psyche
  9160 | D:8      | Killed Psyche
  9311 | D:8      | Found a shimmering altar of Xom.
  9381 | D:8      | Noticed a kobold demonologist
  9394 | D:8      | Reached XP level 11. HP: 77/77 MP: 16/19
  9441 | D:8      | Reached skill level 5 in Dodging
  9786 | D:9      | Found a staircase to the Lair.
  9841 | D:9      | Learned a level 3 spell: Conjure Flame
  9889 | D:9      | Reached skill level 1 in Shields
  9893 | D:9      | Reached skill level 5 in Invocations
  9918 | D:9      | HP: 30/78 [yak (14)]
  9923 | D:9      | HP: 17/78 [yak (16)]
 10092 | D:9      | Learned a level 4 spell: Sticky Flame
 10749 | D:9      | Found a sacrificial altar of Ru.
 10918 | Lair:1   | Entered Level 1 of the Lair of Beasts
 11690 | Lair:2   | Noticed a merfolk siren
 11692 | Lair:2   | Noticed a merfolk siren
 11717 | Lair:2   | Killed a merfolk siren
 11753 | Lair:2   | Reached skill level 5 in Stealth
 11767 | Lair:2   | Killed a merfolk siren
 11767 | Lair:2   | Reached skill level 1 in Evocations
 11868 | Lair:2   | Found a staircase to the Shoals.
 11869 | Lair:2   | Noticed Gastronok
 11880 | Lair:2   | Killed Gastronok
 11880 | Lair:2   | Reached XP level 12. HP: 74/84 MP: 2/21
 12127 | Lair:2   | Found a bloodstained altar of Trog.
 12188 | Lair:2   | Reached skill level 1 in Fire Magic
 12247 | Lair:2   | HP: 40/85 [komodo dragon (19)]
 12492 | Lair:2   | Reached skill level 5 in Fighting
 12694 | Lair:2   | Noticed a seven-headed hydra
 12702 | Lair:2   | HP: 38/86 [seven-headed hydra (12)]
 12703 | Lair:2   | Killed a seven-headed hydra
 12703 | Lair:2   | Reached skill level 10 in Ice Magic
 13273 | Lair:2   | Reached ****** piety under Cheibriados
 13473 | Lair:3   | Learned a level 5 spell: Fireball
 13630 | Lair:3   | Learned a level 1 spell: Apportation
 14103 | Lair:3   | Found a staircase to the Snake Pit.
 14300 | Lair:4   | Noticed a four-headed hydra
 14306 | Lair:4   | Killed a four-headed hydra
 14528 | Lair:4   | Reached XP level 13. HP: 92/92 MP: 19/23
 15190 | Lair:4   | Noticed a six-headed hydra
 15215 | Lair:4   | Killed a six-headed hydra
 15219 | Lair:4   | Got a brightly glowing shield
 15230 | Lair:4   | Identified the +3 shield "Zymneule" {Str+4} (You found it on level 4 of the Lair of Beasts)
 16212 | Lair:5   | HP: 35/93 [meliai/divine providence (13)]
 16218 | Lair:5   | HP: 25/93 [poisoned by a killer bee]
 16219 | Lair:5   | HP: 7/93 [crocodile (14)]
 16223 | Lair:5   | Reached skill level 5 in Shields
 16224 | Lair:5   | HP: 32/93 [poisoned by a killer bee]
 16229 | Lair:5   | HP: 35/93 [poisoned by a killer bee]
 16235 | Lair:5   | HP: 37/93 [poisoned by a killer bee]
 16242 | Lair:5   | HP: 37/93 [poisoned by a killer bee]
 16248 | Lair:5   | HP: 39/93 [poisoned by a killer bee]
 16253 | Lair:5   | HP: 26/93 [blink frog (9)]
 16283 | Lair:5   | HP: 46/93 [killer bee (1)]
 16295 | Lair:5   | HP: 42/94 [blink frog (10)]
 16303 | Lair:5   | HP: 45/94 [poisoned by a killer bee]
 16309 | Lair:5   | HP: 47/94 [poisoned by a killer bee]
 16364 | Lair:5   | Noticed a four-headed hydra
 16369 | Lair:5   | Killed a four-headed hydra
 16753 | Lair:5   | Reached XP level 14. HP: 101/101 MP: 14/25
 17334 | Lair:6   | Entered Level 6 of the Lair of Beasts
 17354 | Lair:6   | Reached skill level 2 in Axes
 17465 | Lair:6   | Reached skill level 3 in Axes
 17645 | Lair:6   | Reached skill level 4 in Axes
 17762 | Lair:6   | Reached skill level 5 in Axes
 17931 | Lair:6   | HP: 49/101 [poison (poison gas)]
 17936 | Lair:6   | HP: 44/101 [poison (poison gas)]
 17941 | Lair:6   | HP: 41/101 [poison (poison gas)]
 17946 | Lair:6   | HP: 39/101 [poison (poison gas)]
 17952 | Lair:6   | HP: 38/101 [poison (poison gas)]
 17958 | Lair:6   | HP: 38/101 [poison (poison gas)]
 17964 | Lair:6   | HP: 39/101 [poison (poison gas)]
 17970 | Lair:6   | HP: 41/101 [poison (poison gas)]
 17977 | Lair:6   | HP: 43/101 [poison (poison gas)]
 17982 | Lair:6   | HP: 46/101 [poison (poison gas)]
 17988 | Lair:6   | HP: 49/101 [poison (poison gas)]
 18102 | Lair:6   | Reached skill level 6 in Axes
 18328 | Lair:6   | Found a staircase to the Slime Pits.
 19003 | Lair:6   | Reached skill level 1 in Charms
 19078 | Lair:6   | Reached skill level 7 in Axes
 19156 | Lair:6   | Identified the Tome of Feathery Stolen Souls
 19612 | D:10     | Entered Level 10 of the Dungeon
 20051 | D:10     | Noticed Harold
 20069 | D:10     | Killed Harold
 20296 | D:11     | Found Xyse's Food Emporium.
 20383 | D:11     | Reached skill level 5 in Fire Magic
 20429 | D:11     | Reached XP level 15. HP: 108/108 MP: 26/26
 20525 | D:11     | Found a staircase to the Orcish Mines.
 20534 | D:11     | Found a roughly hewn altar of Beogh.
 20619 | D:11     | Found Egietuw's Jewellery Shop.
 20639 | D:11     | Bought the ring of Hyethoet {*Slow rC+++ MR+ Str+4 Stlth+} for 1086 gold pieces
 21205 | Orc:1    | Entered Level 1 of the Orcish Mines
 21634 | Orc:2    | Entered Level 2 of the Orcish Mines
 21634 | Orc:2    | Found a staircase to the Elven Halls.
 21932 | Orc:2    | Reached skill level 8 in Axes
 22194 | Orc:2    | Found Refuwn's Gadget Shop.
 22210 | Orc:2    | HP: 50/108 [orc high priest/divine providence (13)]
 22215 | Orc:2    | HP: 35/108 [poisoned by a red devil]
 22217 | Orc:2    | Reached skill level 1 in Translocations
 22217 | Orc:2    | HP: 16/108 [soul eater[an orc high priest] (9)]
 22222 | Orc:2    | HP: 16/108 [poisoned by a red devil]
 22228 | Orc:2    | HP: 17/108 [poisoned by a red devil]
 22234 | Orc:2    | HP: 19/108 [poisoned by a red devil]
 22241 | Orc:2    | HP: 22/108 [poisoned by a red devil]
 22246 | Orc:2    | HP: 24/108 [poisoned by a red devil]
 22252 | Orc:2    | HP: 27/108 [poisoned by a red devil]
 22258 | Orc:2    | HP: 30/108 [poisoned by a red devil]
 22264 | Orc:2    | HP: 33/108 [poisoned by a red devil]
 22456 | Orc:2    | Found Qoyx's Magic Scroll Shop.
 22457 | Orc:2    | Found Cesazuso's Weapon Emporium.
 22469 | Orc:2    | Found Pusmyru's General Store.
 22518 | Orc:2    | Bought a scroll of silence for 105 gold pieces
 22819 | Orc:2    | HP: 47/109 [sixfirhy[an orc sorcerer] (11)]
 22819 | Orc:2    | HP: 15/109 [orc knight/battleaxe (27)]
 23557 | D:4      | Bought the amulet of False Pretenses {Reflect rF+ Str-2 SH+6 Stlth+} for 711 gold pieces
 23711 | D:12     | Learned a level 6 spell: Deflect Missiles
 24006 | D:12     | HP: 51/110 [very large slime creature (59)]
 24008 | D:12     | HP: 11/110 [enormous slime creature (41)]
 24454 | D:12     | Found a white marble altar of Elyvilon.
 24457 | D:12     | You fall through a shaft for 3 floors!
 24457 | D:15     | Entered Level 15 of the Dungeon
 24529 | D:15     | Found Etruot's Assorted Antiques.
 24545 | D:15     | Reached skill level 10 in Conjurations
 24566 | D:15     | Reached XP level 16. HP: 116/116 MP: 28/28
 24567 | D:15     | Bought a scroll of blinking for 240 gold pieces
 24567 | D:15     | Bought a scroll labeled ISIRCH SENUXUNE for 32 gold pieces
 24681 | D:15     | Reached skill level 9 in Axes
 24700 | D:15     | Found a white marble altar of Elyvilon.
 25109 | D:13     | Found a flagged portal.
 25123 | D:13     | Got a translucent hand axe
 25124 | D:13     | Identified the +7 hand axe of Osmumiyle {venom, MP+9 Str-5 Int+2 Dex+7} (You found it on level 13 of the Dungeon)
 25128 | Bailey   | Entered a bailey
 25314 | Bailey   | Got a scintillating iron ring
 25322 | Bailey   | Identified the ring "Xoerol" {rF+ Int+2 Stlth+} (You found it in a bailey)
 25355 | Bailey   | Got a steaming mace {drain}
 25356 | Bailey   | Identified the +7 mace of Blood-Lust {drain, rPois} (You took it off a goblin in a bailey)
 25663 | D:13     | Noticed Snorg
 25684 | D:13     | HP: 55/117 [Snorg (15)]
 25686 | D:13     | Killed Snorg
 26584 | D:14     | Found a gate to the Vaults.
 26650 | D:14     | Reached skill level 1 in Air Magic
 26891 | D:14     | Found Ymelueti's Food Emporium.
 27393 | D:15     | Reached skill level 10 in Axes
 27513 | D:15     | Learned a level 3 spell: Regeneration
 28497 | D:15     | Noticed a sphinx
 28498 | D:15     | a sphinx changed into an iron troll
 28499 | D:15     | Noticed a sphinx
 28499 | D:15     | an iron troll changed into a sphinx
 28501 | D:15     | Noticed an iron dragon
 28501 | D:15     | a sphinx changed into an iron dragon
 28503 | D:15     | Noticed a shadow dragon
 28503 | D:15     | an iron dragon changed into a shadow dragon
 28504 | D:15     | Noticed an acid blob
 28504 | D:15     | a shadow dragon changed into an acid blob
 28509 | D:15     | Noticed a juggernaut
 28509 | D:15     | an acid blob changed into a juggernaut
 28514 | D:15     | Noticed a shard shrike
 28514 | D:15     | a juggernaut changed into a shard shrike
 28519 | D:15     | Noticed a juggernaut
 28519 | D:15     | a shard shrike changed into a juggernaut
 28522 | D:15     | Noticed a shard shrike
 28522 | D:15     | a juggernaut changed into a shard shrike
 28535 | D:15     | Noticed a titan
 28535 | D:15     | a shard shrike changed into a titan
 28541 | D:15     | Killed a titan
 28692 | D:15     | Found a staircase to the Depths.
 29022 | D:11     | Bought an uncursed ring of poison resistance for 320 gold pieces
 29124 | Snake:1  | Entered Level 1 of the Snake Pit
 29175 | Snake:1  | Reached XP level 17. HP: 124/124 MP: 30/30
 29301 | Snake:1  | HP: 61/124 [naga warrior/halberd (3)]
 29306 | Snake:1  | HP: 41/124 [naga ritualist/Olgreb's Toxic Radiance (1)]
 29312 | Snake:1  | HP: 59/124 [poisoned by a naga warrior (splash of poison)]
 29596 | Snake:1  | HP: 61/124 [black mamba (11)]
 29897 | Snake:2  | Found a radiant altar of Vehumet.
 29906 | Snake:2  | HP: 54/125 [naga sharpshooter/arrow (18)]
 29911 | Snake:1  | HP: 50/125 [nagaraja/whip (5)]
 29916 | Snake:1  | HP: 61/125 [poisoned by a nagaraja (poison arrow)]
 30033 | Snake:2  | Reached skill level 10 in Invocations
 30042 | Snake:2  | Found Luygoxzi's Book Shoppe.
 30042 | Snake:2  | Found Qoromiod's Magic Scroll Emporium.
 30042 | Snake:2  | Found Astinump's Antique Weapon Shoppe.
 30186 | Snake:2  | Reached skill level 5 in Charms
 30405 | Snake:2  | Reached skill level 11 in Axes
 30548 | Snake:2  | Got a jewelled chain mail
 30549 | Snake:2  | Identified the +3 chain mail "Raoliliq" {MR+} (You found it on level 2 of the Snake Pit)
 31097 | Snake:3  | Found Ahiben's Jewellery Shop.
 31097 | Snake:3  | Found Gorikkown's Gadget Emporium.
 31098 | Snake:3  | Found Naplynoh's Gadget Emporium.
 31268 | Snake:3  | Reached skill level 1 in Armour
 31709 | Snake:4  | Entered Level 4 of the Snake Pit
 31719 | Snake:4  | HP: 63/126 [anaconda (2)]
 31721 | Snake:4  | HP: 25/126 [nagaraja/whip (20)]
 31721 | Snake:4  | HP: 12/126 [shock serpent (3)]
 31726 | Snake:4  | HP: 6/126 [poisoned by a naga ritualist (toxic radiance)]
 31731 | Snake:4  | HP: 32/126 [poisoned by a naga ritualist (toxic radiance)]
 31736 | Snake:4  | HP: 20/126 [poisoned by a naga ritualist (toxic radiance)]
 31736 | Snake:4  | HP: 9/126 [salamander (6)]
 31741 | Snake:4  | HP: 41/126 [black mamba (10)]
 31846 | Snake:4  | Reached XP level 18. HP: 133/133 MP: 21/31
 32023 | Snake:4  | Reached skill level 5 in Air Magic
 32071 | Snake:4  | Reached skill level 10 in Dodging
 32098 | Snake:4  | Reached skill level 12 in Axes
 32167 | Snake:4  | Learned a level 5 spell: Borgnjor's Vile Clutch
 32316 | Snake:4  | Reached skill level 13 in Axes
 32471 | Snake:4  | Reached skill level 14 in Axes
 32713 | Snake:4  | Reached XP level 19. HP: 140/140 MP: 29/32
 32986 | Snake:4  | Got a serpentine rune of Zot
 33218 | Shoals:1 | Entered Level 1 of the Shoals
 33236 | Shoals:1 | HP: 55/140 [merfolk impaler/trident (24)]
 33238 | Shoals:1 | HP: 18/140 [sea snake (11)]
 33238 | Shoals:1 | HP: 8/140 [sea snake (9)]
 33284 | Shoals:1 | HP: 64/140 [merfolk/trident (1)]
 33324 | Shoals:1 | Reached skill level 15 in Axes
 33606 | Shoals:1 | Found the +0 mask of the Dragon {MR+ Slay+3 SInv}
 33891 | Shoals:1 | HP: 69/140 [poisoned by a sea snake]
 33896 | Shoals:1 | HP: 58/140 [poisoned by a sea snake]
 33901 | Shoals:1 | HP: 49/140 [poisoned by a sea snake]
 33906 | Shoals:1 | HP: 44/140 [poisoned by a sea snake]
 33911 | Shoals:1 | HP: 39/140 [poisoned by a sea snake]
 33916 | Shoals:1 | HP: 38/140 [poisoned by a sea snake]
 33921 | Shoals:1 | HP: 37/140 [poisoned by a sea snake]
 33926 | Shoals:1 | HP: 36/140 [poisoned by a sea snake]
 33931 | Shoals:1 | HP: 37/140 [poisoned by a sea snake]
 33937 | Shoals:1 | HP: 38/140 [poisoned by a sea snake]
 33942 | Shoals:1 | HP: 40/140 [poisoned by a sea snake]
 33950 | Shoals:1 | HP: 44/140 [poisoned by a sea snake]
 33960 | Shoals:1 | HP: 49/140 [poisoned by a sea snake]
 33966 | Shoals:1 | HP: 53/140 [poisoned by a sea snake]
 33972 | Shoals:1 | HP: 56/140 [poisoned by a sea snake]
 34348 | Shoals:2 | Noticed Polyphemus
 34379 | Shoals:2 | Reached skill level 16 in Axes
 34389 | Shoals:2 | Killed Polyphemus
 34494 | Shoals:2 | Noticed Aizul
 34496 | Shoals:2 | HP: 58/140 [Aizul/bolt of poison (21)]
 34499 | Shoals:2 | Killed Aizul
 34499 | Shoals:2 | HP: 27/140 [faun/sling bullet (7)]
 34504 | Shoals:2 | HP: 25/140 [poisoned by Aizul (bolt of poison)]
 34509 | Shoals:2 | HP: 38/140 [poisoned by Aizul (bolt of poison)]
 34514 | Shoals:2 | HP: 69/140 [poisoned by Aizul (bolt of poison)]
 34519 | Shoals:2 | HP: 70/140 [poisoned by Aizul (bolt of poison)]
 35593 | Shoals:3 | Noticed Bai Suzhen
 35648 | Shoals:3 | Reached skill level 17 in Axes
 35743 | Shoals:3 | HP: 63/140 [Bai Suzhen (16)]
 35746 | Shoals:3 | Killed Bai Suzhen
 35755 | Shoals:3 | HP: 67/140 [harpy (4)]
 35758 | Shoals:3 | Noticed letownia2's ghost (journeyman MfGl)
 35758 | Shoals:3 | Reached XP level 20. HP: 92/146 MP: 21/33
 35774 | Shoals:3 | HP: 65/147 [water nymph/the raging water (21)]
 35778 | Shoals:3 | HP: 21/147 [letownia2's ghost (21)]
 35883 | Shoals:4 | Entered Level 4 of the Shoals
 35916 | Shoals:3 | Reached skill level 1 in Necromancy
 35944 | Shoals:3 | Reached skill level 10 in Spellcasting
 35952 | Shoals:3 | Reached skill level 10 in Fighting
 36019 | Shoals:4 | HP: 72/147 [merfolk impaler/trident of freezing (6)]
 36022 | Shoals:4 | HP: 34/147 [merfolk aquamancer/ball of steam (7)]
 36022 | Shoals:4 | HP: 11/147 [merfolk impaler/trident of piercing (17)]
 36022 | Shoals:4 | Slain by a merfolk javelineer

Skill      XL: |  1  2  3  4  5  6  7  8  9 10 11 12 13 14 15 16 17 18 19 20 |
---------------+-------------------------------------------------------------+-----
Ice Magic      | 4 5 6 7 8 9 10 | 10.0
Spellcasting   | 3 4 5 6 7 8 9 10 | 10.0
Invocations    | 1 2 3 4 5 6 7 8 9 10 | 10.8
Conjurations   | 2 3 4 5 6 7 8 10 | 10.0
Summonings     | 1 2 3 |  3.0
Maces & Flails | 2 5 6 7 8 9 |  9.5
Fighting       | 1 3 4 5 6 7 8 9 10 | 10.0
Dodging        | 4 5 6 7 8 9 10 | 10.0
Stealth        | 5 |  5.0
Shields        | 4 5 6 7 8 9 |  9.2
Evocations     | 4 |  4.4
Fire Magic     | 2 4 5 |  5.0
Axes           | 7 8 10 11 14 17 | 17.3
Charms         | 2 3 4 5 6 |  6.4
Translocations | 2 3 |  3.0
Air Magic      | 2 4 5 |  5.0
Armour         | 2 3 |  3.4
Necromancy     | 1 |  1.2

Action                   |  1- 3 |  4- 6 |  7- 9 | 10-12 | 13-15 | 16-18 | 19-21 || total
-------------------------+-------+-------+-------+-------+-------+-------+-------++-------
Melee: Dagger            |    26 |    49 |       |       |       |       |       ||    75
       Flail             |       |    36 |   225 |   525 |   279 |       |       ||  1065
       Broad axe         |       |       |       |       |   828 |  1216 |   539 ||  2583
 Cast: Freeze            |    40 |    71 |    88 |    28 |       |       |       ||   227
       Ozocubu's Armour  |       |     9 |    13 |    31 |    55 |    34 |    15 ||   157
       Throw Icicle      |       |     1 |    17 |    28 |    32 |    15 |    12 ||   105
       Summon Ice Beast  |       |       |     1 |    10 |     7 |    16 |       ||    34
       Sticky Flame      |       |       |       |     2 |    12 |     1 |       ||    15
       Conjure Flame     |       |       |       |     2 |       |       |       ||     2
       Fireball          |       |       |       |     2 |     6 |    13 |       ||    21
       Deflect Missiles  |       |       |       |       |       |     2 |     2 ||     4
       Regeneration      |       |       |       |       |       |     1 |     2 ||     3
Invok: Slouch            |       |       |       |       |     8 |     7 |     5 ||    20
Evoke: Wand              |       |       |     2 |       |     1 |       |       ||     3
       Box of beasts     |       |       |       |       |       |     1 |       ||     1
  Use: Scroll            |       |     9 |     5 |     8 |    19 |    19 |     2 ||    62
       Potion            |       |       |     1 |       |     1 |     4 |     2 ||     8
 Stab: Sleeping          |     5 |     2 |     1 |    10 |    19 |    19 |     3 ||    59
       Distracted        |       |       |     1 |     2 |     4 |     7 |       ||    14
       Confused          |       |       |       |       |     3 |       |       ||     3
       Petrified         |       |       |       |       |       |     1 |    12 ||    13
  Eat: Chunk             |     1 |    10 |     7 |    12 |    22 |    11 |     8 ||    71
       Ration            |       |       |     1 |       |     3 |     2 |       ||     6
Armor: Robe              |     8 |    46 |    92 |   167 |   307 |   264 |   119 ||  1003
       Skin              |       |       |    16 |       |       |       |       ||    16
       Chain mail        |       |       |       |       |       |       |     1 ||     1
Dodge: Dodged            |    39 |    96 |   191 |   328 |   953 |   800 |   321 ||  2728
       Deflected         |       |       |       |       |       |    58 |    17 ||    75
Block: Other             |       |    10 |    15 |    50 |       |       |       ||    75
       Reflection        |       |       |       |     5 |    32 |   200 |    65 ||   302
       Buckler           |       |       |       |   107 |   760 |       |       ||   867
       Shield            |       |       |       |       |   370 |  1720 |   688 ||  2778

Vault maps used:
D:1:      dpeg_arrival_pond
D:2:      cheibriados_altar_1, marbit_many_paths, first_ration
D:3:      lemuel_doored_altar
D:4:      serial_shops, kennysheep_little_box, uniq_eustachio, uniq_edmund,
          uniq_ijyb
D:5:      amethyst_killhole
D:6:      grunt_dithmenos_smoke_and_mirrors
D:7:      nicolae_tso_besieged_by_evil, dancing_weapons_uskayaw,
          minmay_temple_entry_from_below_b
D:8:      nicolae_gozag_seed_capital, nicolae_ashenzari_panopticon,
          lemuel_round_altar, trog_eyes_of_draining, special_room, uniq_psyche
D:9:      lemuel_round_altar, dpeg_oklobed_lair
D:10:     uniq_harold
D:11:     minmay_orc_entry_temple_small, serial_shops, shop, shop
D:12:     minmay_isolated_rectangles_in_corner, basic_altar, grunt_tengu_nest,
          einodemon_armed_red_devil_minivault
D:13:     serial_column_ruins, column_ruins_open_medium,
          column_ruins_columns_plus, column_ruins_grid_4, column_ruins_grid_2,
          enter_bailey_2, kennysheep_generic_room_9, uniq_snorg
D:14:     david_vaults_2, serial_shops, nicolae_shop_trees,
          minmay_misc_feat_five
D:15:     gammafunk_enter_depths_forms, serial_shops, nicolae_shop_stone,
          elyvilon_altar_4
Lair:2:   beast_lair_carwin_large_1, elwin_shoals_entry_stream, basic_altar,
          grunt_megastairs_2, minmay_lair_oklob_chamber, uniq_gastronok
Lair:3:   dummy_snake_entry, st_stairs_3, grunt_megastairs_5
Lair:5:   regret_index_bee_streams, grunt_forest_large_clearings,
          grunt_megastairs_3
Lair:6:   hangedman_lair_caniforms_friends, guppyfry_lair_end_dragon,
          nicolae_slime_entry_slimehenge
Shoals:2: nicolae_shoals_cliffside_cave, uniq_polyphemus, uniq_aizul
Shoals:3: portal_ice_cave_entry_pillars_2, nicolae_shoals_this_corrosion,
          uniq_bai_suzhen
Shoals:4: shoals_end_grunt_ice, shoal_ilsuiw, uniq_jorgrun
Snake:2:  basic_altar, minmay_shop_star
Snake:3:  minmay_shop_grove
Snake:4:  grunt_snake_rune_pools, minmay_snake_pond
Orc:2:    st_orc_elflike, nicolae_orc_stony_grotto, guppyfry_orc_lava_fort
Bailey:   bailey_axe_4, bailey
